 Dungeon Crawl Stone Soup version 0.27.1-33-g824d729ab1 (webtiles) character file.

Game seed: 3258831014462087370

172 Powertoast the Ruffian (level 5, -10/43 (49) HPs)
             Began as a Troll Transmuter on Nov 29, 2021.
             Was an Initiate of Cheibriados.
             Mangled by an orc warrior (21 damage)
             ... on level 4 of the Dungeon.
             The game lasted 00:05:19 (2370 turns).

Powertoast the Ruffian (Troll Transmuter)           Turns: 2370, Time: 00:05:20

HP:   -10/43 (49)   AC:  4    Str: 20    XL:     5   Next: 27%
MP:   5/5           EV: 10    Int: 10    God:    Cheibriados [......]
Gold: 121           SH:  0    Dex: 11    Spells: 5/6 levels left

rFire    . . .     SeeInvis +     - Unarmed
rCold    . . .     Faith    .   (no shield)
rNeg     . . .     Spirit   .   a - +0 robe
rPois    .         Reflect  .   (helmet restricted)
rElec    .         Harm     .   (no cloak)
rCorr    .         Rampage  .   (gloves unavailable)
Will     .....                  (boots unavailable)
Stlth    +.........             (no amulet)
HPRegen  1.14/turn              l - ring of see invisible
MPRegen  0.09/turn              (no ring)

@: heavily drained, very slow
A: large, unfitting armour, claws 3, regeneration 1, shaggy fur 1, tough skin 1
a: Renounce Religion, Bend Time


You were on level 4 of the Dungeon.
You worshipped Cheibriados.
Cheibriados was noncommittal.
You visited 2 branches of the dungeon, and saw 6 of its levels.

You collected 121 gold pieces.

Inventory:

Missiles
 e - 66 stones (quivered)
 h - 6 boomerangs
Armour
 a - a +0 robe (worn)
Jewellery
 l - a ring of see invisible (left claw)
Scrolls
 b - a scroll of identify
 c - 5 scrolls of enchant weapon {unknown}
 k - a scroll of amnesia {unknown}
Potions
 d - a potion of mutation
 f - 3 potions of flight {unknown}
 g - 2 potions of haste {unknown}
 i - a potion of berserk rage {unknown}
 j - 2 potions of brilliance {unknown}


   Skills:
 + Level 2.1 Fighting
 + Level 2.6 Dodging
 * Level 4.7 Unarmed Combat
 - Level 1.2 Spellcasting
 - Level 1.3 Transmutations


You had 5 spell levels left.
You knew the following spells:

 Your Spells              Type           Power      Damage    Failure   Level
a - Beastly Appendage     Tmut           6%         N/A       19%         1

Your spell library contained the following spells:

 Spells                   Type           Power      Damage    Failure   Level
 Wereblood                Tmut           3%         N/A       28%         2
 Spider Form              Tmut/Pois      1%         N/A       58%         3
 Ice Form                 Ice/Tmut       2%         N/A       94%         4


Dungeon Overview and Level Annotations

Branches:
Dungeon (5/15)             Temple (1/1) D:4

Altars:
Cheibriados
Dithmenos
Gozag
Hepliaklqana
Ru
Sif Muna
Uskayaw
Yredelemnul
Beogh


Innate Abilities, Weirdness & Mutations

You are too large for most types of armour.
You have claws for hands.
Your natural rate of healing is unusually fast.
You are covered in fur. (AC +1)
You have tough skin. (AC +1)


Message History

You climb upwards.
Welcome back to the Dungeon!
There is a staircase to the Ecumenical Temple here.
Found a stone staircase leading up.
Found a ruby ring.
Found 6 gold pieces.
l - a ring of see invisible
l - a ring of see invisible (left claw)
You fall into a shaft and drop 1 floor!
The shaft crumbles and collapses.
Found a quarterstaff.
An orc warrior and an orc wizard come into view.
The orc warrior is wielding a +2 scimitar of draining.
Found a book of Flames and 24 stones.
The orc wizard shouts!
You hear an angry hiss.
An orc wizard comes into view. It is wielding a +0 dagger.
An orc comes into view. It is wielding a +0 flail.
You see here a +0 quarterstaff.
An iguana comes into view.
Found a stone staircase leading up.
The iguana hisses angrily.
The orc warrior hits you with a +2 scimitar of draining!
You feel drained.
The orc shouts!
The orc warrior hits you with a +2 scimitar of draining!!
* * * LOW HITPOINT WARNING * * *
You feel drained.
* * * LOW HITPOINT WARNING * * *
The orc wizard gestures at you while chanting.
The magic dart hits you.
* * * LOW HITPOINT WARNING * * *
There is a stone staircase leading up, spattered with blood here.
The orc warrior hits you with a +2 scimitar of draining.
* * * LOW HITPOINT WARNING * * *
You feel drained.
* * * LOW HITPOINT WARNING * * *
You climb upwards.
Found a leather armour.
There is a stone staircase leading down here.
The orc warrior hits you with a +2 scimitar of draining!!
You die...

............... #..#....##..
..##........## ## #.#...^#..#.
............## .# # #..#.#....
...#.........#####.###..##...#..#
........................ ........
.............<.........######...#
.......................# #####
..................[....#
............#...@......#
.....########..o.......# ....##
#.>........# ....# #..........#
##### #..........# ############


You could see an orc warrior.

Vanquished Creatures
  An iguana (D:4)
  Terence (D:2)
  A hound skeleton (D:3)
  4 adders
  An ufetubus (Temple)
  2 worms
  7 dart slugs
  An orc (D:3)
  3 ball pythons
  A bat (D:3)
  3 endoplasms (D:3)
  4 giant cockroaches
  6 goblins
  6 hobgoblins
  3 kobolds
  3 quokkas
  5 frilled lizards
  A rat (D:1)
53 creatures vanquished.

Notes
Turn   | Place    | Note
-------+----------+-------------------------------------------
     0 | D:1      | Powertoast the Troll Transmuter began the quest for the
                  | Orb.
     0 | D:1      | Reached XP level 1. HP: 18/18 MP: 1/1
    17 | D:1      | Reached skill level 1 in Fighting
    82 | D:1      | Reached XP level 2. HP: 27/27 MP: 2/2
    98 | D:1      | Found a faded altar of an unknown god.
   492 | D:2      | Reached XP level 3. HP: 33/33 MP: 3/3
  1117 | D:2      | Noticed Terence
  1121 | D:2      | Killed Terence
  1122 | D:2      | Reached skill level 4 in Unarmed Combat
  1122 | D:2      | Reached XP level 4. HP: 41/41 MP: 2/4
  2107 | D:4      | Reached XP level 5. HP: 39/49 MP: 5/5
  2279 | D:4      | Found a staircase to the Ecumenical Temple.
  2282 | D:4      | Found a sacrificial altar of Ru.
  2294 | Temple   | Entered the Ecumenical Temple
  2322 | Temple   | Became a worshipper of Cheibriados the Contemplative
  2360 | D:4      | You fall into a shaft and drop 1 floor!
  2360 | D:5      | Entered Level 5 of the Dungeon
  2362 | D:5      | Noticed an orc warrior
  2370 | D:4      | Mangled by an orc warrior

Illustrated notes

Levels and vault maps discovered:
D:1:      dpeg_arrival_pits, layout_rooms,
          hellmonk_ecumenical_altar_defaced_shrine
D:2:      layout_basic, uniq_terence
D:3:      layout_basic
D:4:      layout_rooms, mainiacjoe_overflow_cross_hatched,
          minmay_temple_entry_mini_moons, lemuel_another_geyser
D:5:      layout_basic, serial_shops, nicolae_shop_crystal, bh_walls_and_bars
Temple:   jpeg_temple_island

Skill      XL: |  1  2  3  4 |
---------------+-------------+-----
Fighting       | 1 2 |  2.1
Dodging        | 2 |  2.6
Unarmed Combat | 4 |  4.7
Spellcasting   | |  1.2
Transmutations | |  1.3

Action                   |  1- 3 |  4- 6 || total
-------------------------+-------+-------++-------
Melee: Unarmed           |    92 |    51 ||   143
       Punch             |     2 |       ||     2
Throw: Stone             |    13 |       ||    13
 Cast: Beastly Appendage |     1 |       ||     1
  Use: Scroll            |       |     2 ||     2
 Stab: Sleeping          |     1 |       ||     1
Armor: Robe              |    20 |    35 ||    55
Dodge: Dodged            |    44 |    54 ||    98
